 Dungeon Crawl Stone Soup version 0.28-a0-622-gbaef9634d7 (webtiles) character file.

Game seed: 14465161971558094242

12441 lunkers the Thaumaturge (level 12, -21/94 HPs)
             Began as a Djinni Cinder Acolyte on Oct 7, 2021.
             Was a High Priest of Ignis.
             Demolished by a two-headed ogre (25 damage)
             ... on level 9 of the Dungeon.
             The game lasted 00:30:23 (15417 turns).

lunkers the Thaumaturge (Djinni Cinder Acolyte)    Turns: 15417, Time: 00:30:23

Health: -21/94     AC: 15    Str: 13    XL:     12   Next: 20%
Gold:   582        EV: 11    Int: 20    God:    Ignis [*****.] SH:  5 Dex: 10

rFire   + + +      SeeInvis .   w - +1 trident (chaos)
rCold   x . .      Faith    .   (no shield)
rNeg    . . .      Spirit   .   B - +0 steam dragon scales
rPois   ∞          Reflect  +   l - +2 helmet
rElec   .          Harm     .   (no cloak)
rCorr   .          Rampage  .   h - +2 pair of gloves
Will    +....                   (boots unavailable)
Stlth   +.........              z - amulet of reflection
HPRegen 0.25/turn               c - ring of protection from fire
MPRegen 0.00/turn               u - +4 ring of protection

@: flying
A: sickness immunity, fire resistance 2, cold vulnerability 1, float, innate
caster, hp casting, extra vitality 1
a: Renounce Religion, Sea of Fire, Foxfire Swarm, Rising Flame


You were on level 9 of the Dungeon.
You worshipped Ignis.
Ignis was extremely pleased with you.
You visited 2 branches of the dungeon, and saw 12 of its levels.
You also visited: Sewer.

You collected 582 gold pieces.

Inventory:

Hand Weapons
 a - a -1 falchion of flaming
 w - a +1 trident of chaos (weapon)
Missiles
 e - 2 throwing nets
Armour
 b - a +2 hat
 h - a +2 pair of gloves (worn)
 l - a +2 helmet (worn)
 B - +0 steam dragon scales (worn)
Jewellery
 c - a ring of protection from fire (left hand)
 n - an amulet of the acrobat
 u - a +4 ring of protection (right hand)
 z - an amulet of reflection (around neck)
 F - a ring of ice
Wands
 s - a wand of digging (2)
 y - a wand of flame (11)
 A - a wand of polymorph (7)
 D - a wand of acid (5)
Scrolls
 d - a scroll of magic mapping
 f - 2 scrolls of amnesia
 g - 2 scrolls of enchant armour
 q - a scroll of fog
 C - a scroll of immolation {unknown}
 E - a scroll of blinking {unknown}
 G - a scroll of enchant weapon {unknown}
Potions
 i - 5 potions of heal wounds
 j - 3 potions of mutation
 k - a potion of resistance
 m - a potion of haste
 o - 2 potions of lignification
 p - 3 potions of curing
 r - 2 potions of berserk rage
 t - a potion of ambrosia {unknown}
 v - a potion of might
 x - 2 potions of brilliance
 H - 2 potions of invisibility {unknown}


   Skills:
 + Level 11.3 Fighting
 - Level 2.6 Long Blades
 * Level 12.1 Spellcasting


You had 20 spell levels left.
You knew the following spells:

 Your Spells              Type           Power      Damage    Failure   Level
a - Shock                 Conj/Air       100%       1d9       1%          1
b - Blink                 Tloc           N/A        N/A       1%          2
c - Ozocubu's Armour      Ice            57%        N/A       1%          3
d - Portal Projectile     Hex/Tloc       100%       N/A       1%          3
e - Passage of Golubria   Tloc           N/A        N/A       1%          4
p - Scorch                Fire           100%       2d10      1%          2
Your spell library was empty.

Dungeon Overview and Level Annotations

Branches:
Dungeon (11/15)            Temple (0/1) D:5            Lair (1/6) D:8
  Sewer (visited)
    Orc: D:9-12

Altars:
Ashenzari
Cheibriados
Kikubaaqudgha
Qazlal
Sif Muna
Trog
Wu Jian
The Shining One

Annotations:
D:5 2 transporters
D:6 3 runed translucent doors, siradein's ghost, novice DsGl


Innate Abilities, Weirdness & Mutations

You are immune to sickness and miasma.
You are immune to poison.
Your flesh is very heat resistant. (rF++)
You are vulnerable to cold. (rC-)
You float through the air rather than walking.
You learn spells naturally, not from books.
Your magical power is your life essence.
You have superior vitality. (+4 HP)


Message History

The howler monkey hoots and howls with incredible vigour!
Casting: Scorch (safe; 1% risk of failure)
Press: ? - help, Q - select action, (/) - cycle Dir - look around, f - activate Flames lash the two-headed ogre.
The two-headed ogre is burned terribly!
The two-headed ogre is heavily wounded.
The two-headed ogre is no longer more vulnerable to fire.
Casting: Scorch (safe; 1% risk of failure)
Press: ? - help, Q - select action, (/) - cycle Dir - look around, f - activate Flames lash the howler monkey.
The howler monkey is severely wounded.
The howler monkey's fire resistance burns away.
Casting: Scorch (safe; 1% risk of failure)
Press: ? - help, Q - select action, (/) - cycle Dir - look around, f - activate Flames lash the two-headed ogre but do no damage.
You block the two-headed ogre's attack.
The two-headed ogre hits you with a +0 giant club!
Casting: Scorch (safe; 1% risk of failure)
Press: ? - help, Q - select action, (/) - cycle Dir - look around, f - activate Flames lash the two-headed ogre.
The two-headed ogre is severely wounded.
The two-headed ogre's fire resistance burns away.
The two-headed ogre hits you with a +0 giant club! x2
* * * LOW HITPOINT WARNING * * *
Casting: Scorch (safe; 1% risk of failure)
Press: ? - help, Q - select action, (/) - cycle Dir - look around, f - activate Flames lash the two-headed ogre.
The two-headed ogre is burned terribly!
The two-headed ogre is almost dead.
* * * LOW HITPOINT WARNING * * *
The two-headed ogre hits you with a +0 giant club!
* * * LOW HITPOINT WARNING * * *
The two-headed ogre hits you with a +0 giant club!!
* * * LOW HITPOINT WARNING * * *
Casting: Scorch (safe; 1% risk of failure)
Press: ? - help, Q - select action, (/) - cycle Dir - look around, f - activate Flames lash the howler monkey.
The howler monkey is burned terribly!
You kill the howler monkey!
* * * LOW HITPOINT WARNING * * *
The two-headed ogre closely misses you.
The two-headed ogre hits you with a +0 giant club!!
You die...

..........[..# #......#..#
.............## #.#....#...
............... #......####
.............####..........
.......h.....#...........#.
.............#.#...........
.............#...##########
######'######...#........#
#......†O@......#.########
#.##########..#.#.####....
########....#....#.##.
............#....#.##.
..........#.#....#.##. ...
#########...####'#.... ..
####.......... #.
#....#..##. .## ######
#..........


You could see a two-headed ogre (combustible).

Vanquished Creatures
  Gastronok (Lair:1)
  Fannar (D:11)
  Harold (D:8)
  A two-headed ogre (D:11)
  2 death yaks
  2 cyclopes
  Joseph (D:7)
  A black mamba (Lair:1)
  A gargoyle (D:8)
  A cane toad (Lair:1)
  Maggie (Lair:1)
  An unseen horror (D:8)
  3 komodo dragons
  Grum (D:8)
  A basilisk (D:8)
  A shadow (D:11)
  7 humans (D:10)
  3 water moccasins
  An orc warrior (D:8)
  Purgy (Sewer)
  4 black bears
  3 ogres
  3 wolves
  2 centaurs
  2 phantoms
  5 bullfrogs
  A gnoll sergeant (D:7)
  2 wyvern zombies (D:8)
  3 scorpions
  A wyvern skeleton (D:7)
  5 wights (D:8)
  A howler monkey (D:9)
  3 centaur zombies
  4 hounds
  4 orc priests
  A bullfrog skeleton (D:5)
  A jelly (D:7)
  A centaur skeleton (D:6)
  An iguana (D:4)
  3 orc wizards
  A killer bee zombie (D:8)
  A hound zombie (D:5)
  A hound skeleton (D:5)
  A howler monkey zombie (D:9)
  A howler monkey skeleton (D:4)
  5 adders
  9 gnolls
  3 shadow imps
  A white imp (D:7)
  3 worms (D:2)
  2 dart slugs (D:2)
  22 orcs
  4 bats
  9 endoplasms
  7 giant cockroaches
  9 goblins
  6 hobgoblins
  7 jackals (D:2)
  13 kobolds
  10 quokkas
  4 ball pythons
  3 frilled lizards
  5 rats
209 creatures vanquished.

Vanquished Creatures (others)
  A kobold brigand (D:9)
  7 plants (D:2)
8 creatures vanquished.

Grand Total: 217 creatures vanquished

Notes
Turn   | Place    | Note
-------+----------+-------------------------------------------
     0 | D:1      | lunkers the Djinni Cinder Acolyte began the quest for the
                  | Orb.
     0 | D:1      | Reached XP level 1. HP: 20/20 MP: 0/0
     6 | D:1      | Noticed a servant of whispers
     6 | D:1      | Noticed a tyrant leech
     6 | D:1      | Noticed a basilisk
     7 | D:1      | Noticed a yaktaur captain
     7 | D:1      | Noticed a hell rat
   182 | D:1      | Reached XP level 2. HP: 25/25 MP: 0/0
   450 | D:1      | Reached XP level 3. HP: 28/30 MP: 0/0
   450 | D:1      | Learned a level 1 spell: Shock
   454 | D:1      | Reached skill level 3 in Spellcasting
  1630 | D:2      | Reached XP level 4. HP: 31/35 MP: 0/0
  2175 | D:2      | Found an ornate altar of the Wu Jian Council.
  2954 | D:3      | Reached XP level 5. HP: 14/41 MP: 0/0
  2954 | D:3      | Learned a level 2 spell: Blink
  3136 | D:3      | Found a glowing drain.
  3275 | Sewer    | Entered a sewer
  3367 | Sewer    | Noticed Purgy
  3378 | Sewer    | Killed Purgy
  3379 | Sewer    | Reached skill level 4 in Spellcasting
  3379 | Sewer    | Reached XP level 6. HP: 37/48 MP: 0/0
  3925 | D:4      | Noticed a black bear
  4056 | D:3      | Killed a black bear
  4057 | D:3      | Reached XP level 7. HP: 32/53 MP: 0/0
  4057 | D:3      | Learned a level 3 spell: Ozocubu's Armour
  4184 | D:4      | Reached skill level 5 in Spellcasting
  4213 | D:4      | Reached skill level 5 in Fighting
  5391 | D:5      | Entered Level 5 of the Dungeon
  5417 | D:5      | Reached XP level 8. HP: 45/60 MP: 0/0
  5625 | D:5      | Found a snail-covered altar of Cheibriados.
  5635 | D:5      | Found a staircase to the Ecumenical Temple.
  5658 | D:5      | Reached skill level 6 in Spellcasting
  6035 | D:5      | Noticed a yak
  6036 | D:5      | Found a glowing golden altar of the Shining One.
  6036 | D:5      | Noticed a two-headed ogre
  6037 | D:5      | Noticed a yak
  6046 | D:5      | Found a transporter.
  6053 | D:5      | Found a transporter.
  6218 | D:6      | Found a runed translucent gate.
  6226 | D:6      | Found a runed translucent gate.
  6226 | D:6      | Found a runed translucent gate.
  6235 | D:6      | Noticed siradein's ghost (novice DsGl)
  6781 | D:6      | Reached skill level 7 in Spellcasting
  6781 | D:6      | Reached XP level 9. HP: 61/67 MP: 0/0
  6781 | D:6      | Learned a level 3 spell: Portal Projectile
  7607 | D:7      | Noticed Joseph
  7613 | D:7      | Killed Joseph
  7903 | D:7      | Reached skill level 8 in Spellcasting
  8187 | D:8      | Noticed a death yak
  8187 | D:8      | Found a staircase to the Lair.
  8188 | D:8      | Noticed a death yak
  8188 | D:8      | Noticed Harold
  8192 | D:8      | Noticed a death yak
  8202 | D:7      | Killed a death yak
  8203 | D:7      | Reached XP level 10. HP: 3/76 MP: 0/0
  8987 | D:6      | Killed a death yak
  8988 | D:6      | Reached skill level 9 in Spellcasting
  9547 | D:8      | Noticed Grum
  9577 | D:7      | HP: 2/77 [death yak (18)]
 10189 | D:8      | Killed Harold
 10519 | D:8      | Killed Grum
 10934 | D:8      | Found a broken altar of Ashenzari.
 10934 | D:8      | Found a stormy altar of Qazlal.
 10935 | D:8      | Found a bloodstained altar of Trog.
 11303 | D:8      | Reached skill level 10 in Spellcasting
 11798 | D:8      | Noticed a komodo dragon
 11798 | D:8      | Noticed a gargoyle
 11799 | D:8      | Noticed a brown ugly thing
 11805 | D:8      | Noticed a rakshasa
 11821 | D:8      | Killed an unseen horror
 11822 | D:8      | Killed a komodo dragon
 11823 | D:8      | Reached XP level 11. HP: 47/84 MP: 0/0
 11823 | D:8      | Learned a level 4 spell: Passage of Golubria
 11991 | Lair:1   | Entered Level 1 of the Lair of Beasts
 11991 | Lair:1   | Noticed Maggie
 11998 | Lair:1   | Killed Maggie
 12000 | Lair:1   | Noticed Gastronok
 12318 | D:8      | Reached skill level 10 in Fighting
 12693 | Lair:1   | Killed Gastronok
 12694 | Lair:1   | Reached skill level 11 in Spellcasting
 13146 | Lair:1   | Identified a scroll of acquirement
 13146 | Lair:1   | Acquired an amulet of reflection
 13422 | Lair:1   | HP: 2/86 [blink frog (4)]
 13472 | D:8      | You are sucked into a shaft and drop 3 floors!
 13801 | D:11     | Noticed a cyclops
 13827 | D:11     | Killed a cyclops
 13954 | D:11     | Noticed a two-headed ogre
 13961 | D:11     | Killed a two-headed ogre
 14031 | D:11     | Noticed Fannar
 14045 | D:11     | Killed Fannar
 14047 | D:11     | HP: 4/86 [centaur warrior zombie (2)]
 14287 | D:11     | Reached XP level 12. HP: 69/94 MP: 0/0
 14467 | D:10     | Entered Level 10 of the Dungeon
 14542 | D:10     | Reached skill level 12 in Spellcasting
 15406 | D:9      | Noticed a two-headed ogre
 15417 | D:9      | Demolished by a two-headed ogre

Illustrated notes

Levels and vault maps discovered:
D:1:      onia_arrival_zoo_common, layout_loops_ring
D:2:      wad_lake_hut, layout_basic, basic_altar, minmay_pentomino_pile
D:3:      layout_rooms, gup_sewer_entry_pipe, dk_noncrumbling_2
D:4:      layout_loops_ring
D:5:      layout_rooms, mainiacjoe_overflow_small_starburst,
          gammafunk_temple_overflow_arena, minmay_temple_entry_metal_lava
D:6:      layout_basic, gammafunk_ghost_split
D:7:      layout_gridville, kennysheep_generic_room_10, uniq_joseph
D:8:      minmay_chambers_of_sevens, layout_loops_cross,
          nicolae_sif_muna_little_library,
          chequers_temple_overflow_statue_of_worship, dpeg_lair_monsters,
          enter_bailey_5, kennysheep_generic_room_3, uniq_grum, uniq_harold
D:9:      layout_stronghold
D:10:     erik_cavepeople, layout_cave_pools, special_room [special_room_bee]
D:11:     layout_long_grid, serial_shops, nicolae_shop_crystal,
          minmay_crystal_water, uniq_erolcha, uniq_nergalle, uniq_fannar
Lair:1:   layout_hall_layers, beast_lair_carwin_10, uniq_gastronok, uniq_maggie

Skill      XL: |  1  2  3  4  5  6  7  8  9 10 11 12 |
---------------+-------------------------------------+-----
Spellcasting   | 3 4 5 7 8 10 11 12 | 12.1
Fighting       | 4 5 6 8 9 11 | 11.3
Long Blades    | |  2.6

Action                   |  1- 3 |  4- 6 |  7- 9 | 10-12 || total
-------------------------+-------+-------+-------+-------++-------
Melee: Falchion          |    20 |       |       |    16 ||    36
       Trident           |       |       |       |     3 ||     3
 Cast: Scorch            |    33 |    67 |   151 |   284 ||   535
       Shock             |     8 |     4 |     9 |     3 ||    24
       Blink             |       |       |       |     3 ||     3
Invok: Rising Flame      |       |       |       |     1 ||     1
Evoke: Wand              |       |       |       |    14 ||    14
  Use: Scroll            |       |     3 |     8 |     5 ||    16
       Potion            |       |       |       |     2 ||     2
Armor: Robe              |     1 |     9 |    22 |    54 ||    86
       Steam dragon scal |       |       |       |    51 ||    51
Dodge: Dodged            |    24 |     8 |    40 |   118 ||   190
Block: Other             |       |       |       |    21 ||    21
       Reflection        |       |       |       |     2 ||     2

Table legend: (Time is in decaauts)
 A = Elapsed time spent in this place.
 B = Non-inter-level travel time spent in this place.
 C = Inter-level travel time spent in this place.
 D = Time resting spent in this place.
 E = Time spent auto-exploring this place.
 F = Levels seen in this place.
 G = Mean time per level.
                   A        B        C        D        E       F      G
               +--------+--------+--------+--------+--------+-----+--------+
         Total |  15438 |  15139 |    299 |   4183 |   8969 |  13 | 1187.5 |
       Dungeon |  14612 |  14313 |    299 |   4183 |   8288 |  11 | 1328.4 |
          Lair |    553 |    553 |      0 |      0 |    443 |   1 |  553.0 |
         Sewer |    272 |    272 |      0 |      0 |    238 |   1 |  272.0 |
               +--------+--------+--------+--------+--------+-----+--------+

Top non-repeatable levels by time:
     D:7: 3196 daAuts
     D:8: 2192 daAuts
     D:2: 1572 daAuts
     D:6: 1449 daAuts
     D:3: 1329 daAuts
     D:4: 1230 daAuts
    D:11: 995 daAuts
     D:1: 989 daAuts
     D:5: 706 daAuts
     D:9: 625 daAuts
  Lair:1: 553 daAuts
    D:10: 323 daAuts
   Sewer: 272 daAuts
